 Dungeon Crawl Stone Soup version 0.31-a0-177-g4aa6249778 (webtiles) character file.

Game seed: 2938693740781531059

95 qw the Shooter (level 4, -9/40 HPs)
             Began as a Naga Hunter on June 18, 2023.
             Mangled by a gnoll
             ... wielding a +0 halberd
              (10 damage)
             ... on level 3 of the Dungeon.
             The game lasted 00:00:38 (1914 turns).

qw the Shooter (Naga Hunter)                        Turns: 1914, Time: 00:00:38

Health: -9/40      AC:  2    Str: 13    XL:     4   Next: 66%
Magic:  4/4        EV:  9    Int:  9    God:
Gold:   159        SH:  0    Dex: 17    Spells: 3/3 levels left

rFire   . . .        a - +2 orcbow of Amushawk {heavy, Stlth+}
rCold   . . .        (shield currently unavailable)
rNeg    . . .        c - +0 leather armour
rPois   +            (no helmet)
rElec   .            (no cloak)
rCorr   .            (no gloves)
SInv    +            (no barding)
Will    .....        (no amulet)
Stlth   +++          (no ring)
HPRegen 0.26/turn    (no ring)
MPRegen 0.09/turn

%: no passive effects
@: short of breath, very slow
A: AC +1, large, see invisible, deformed body, poison resistance, slowness 2,
spit poison 1, naga tail 1
a: Spit Poison


You were on level 3 of the Dungeon.
You visited 1 branch of the dungeon, and saw 3 of its levels.

You collected 159 gold pieces.


Innate Abilities, Weirdness & Mutations

Your serpentine skin is tough. (AC +1)
You have supernaturally acute eyesight. (SInv)
Armour fits poorly on your strangely shaped body.
Your system is resistant to poisons. (rPois)
You cover ground very slowly.
You can spit poison.
You have a snake-like lower body.


   Skills:
 + Level 2.9 Fighting
 - Level 5.0 Ranged Weapons
 - Level 1.5 Dodging
 - Level 1.5 Stealth


You had 3 spell levels left.
You didn't know any spells.
Your spell library was empty.

Inventory:

Hand Weapons
 a - the +2 orcbow of Amushawk (weapon) {heavy, Stlth+}
   (You acquired it on level 1 of the Dungeon)

   Stlth:     It makes you more stealthy.
Armour
 c - a +0 leather armour (worn)
Jewellery
 d - a ring of resist corrosion
Scrolls
 h - 4 scrolls of identify
Potions
 b - 2 potions of attraction {unknown}
 e - a potion of cancellation
 g - a potion of enlightenment

Dungeon Overview and Level Annotations

Branches:
Dungeon (3/15)

Altars:


Message History

You have got your breath back. 2 gnolls come into view.
A gnoll comes into view. It is wielding a +0 flail.
A hobgoblin comes into view.
Enter note:
Enter note:
1908 ||| INVOKING Spit Poison.
Aiming: Spit Poison (1% risk of failure)
Press: ? - help, Shift-Dir - straight line, f - gnoll The splash of poison hits the gnoll.
The gnoll is poisoned.
The gnoll is moderately wounded.
The gnoll shouts!
The hobgoblin shouts!
The gnoll shouts!
You shoot an arrow. The gnoll shouts!
The arrow hits the gnoll.
The gnoll is severely wounded.
You shoot an arrow. The arrow hits the gnoll!
You kill the gnoll!
The gnoll barely misses you.
You shoot an arrow. The arrow closely misses the gnoll.
You have got your breath back.
The gnoll misses you. The gnoll barely misses you.
The gnoll hits you with a +0 flail. The hobgoblin hits you.
1912 ||| INVOKING Spit Poison.
Aiming: Spit Poison (1% risk of failure)
Press: ? - help, Shift-Dir - straight line, f - gnoll, p - gnoll The splash of poison hits the gnoll.
The gnoll is poisoned.
The gnoll is lightly wounded.
The gnoll closely misses you. The hobgoblin hits you.
You shoot an arrow. The arrow closely misses the gnoll.
The gnoll hits you from afar with a +0 halberd!
The gnoll hits you with a +0 flail! The hobgoblin hits you.
You shoot an arrow. The arrow hits the gnoll.
The gnoll is severely wounded.
The gnoll hits you from afar with a +0 halberd.
The gnoll hits you with a +0 flail. The hobgoblin hits you.
The gnoll barely misses you.
The gnoll hits you from afar with a +0 halberd!
You die...

#.......#
#.......
.......
#...).##
#......# #
#.).g..##.#
.###..g....#.##
......g@.#.....
###........#
#.##)..#.# #
###...# ##### #
##....## #...#
#.#....##
#.#.## #.#....#
#.#... #......#
#.#### ###...##
#.#


You could see 2 gnolls and a hobgoblin.

Vanquished Creatures
  A gnoll (D:3)
  2 adders (D:2)
  A worm (D:2)
  4 dart slugs
  An orc (D:3)
  3 bats
  4 endoplasms
  A giant cockroach (D:1)
  5 goblins
  7 hobgoblins
  2 jackals (D:1)
  7 kobolds
  A quokka (D:1)
  8 ball pythons
  4 frilled lizards
  3 rats
54 creatures vanquished.

Notes
Turn   | Place    | Note
-------+----------+-------------------------------------------
     0 | D:1      | qw the Naga Hunter began the quest for the Orb.
     0 | D:1      | Reached XP level 1. HP: 19/19 MP: 1/1
     0 | D:1      | 0 ||| qw: Version: 0.3-a-7-ge0c9b40
     0 | D:1      | 0 ||| qw: Game counter: 746
     0 | D:1      | 0 ||| qw: Always use a shield: true
     0 | D:1      | 0 ||| qw: God list: Okawaru
     0 | D:1      | 0 ||| qw: Allow faded altars: false
     0 | D:1      | 0 ||| qw: Do Orc after D:15 true
     0 | D:1      | 0 ||| qw: Do second Lair branch before Depths: true
     0 | D:1      | 0 ||| qw: Lair rune preference: random
     0 | D:1      | 0 ||| qw: Plans: Normal
     0 | D:1      | 0 ||| PLANNING D:1-11
    40 | D:1      | 40 ||| INVOKING Spit Poison.
    43 | D:1      | 43 ||| INVOKING Spit Poison.
    54 | D:1      | 54 ||| INVOKING Spit Poison.
   144 | D:1      | 144 ||| INVOKING Spit Poison.
   148 | D:1      | 148 ||| INVOKING Spit Poison.
   149 | D:1      | Reached skill level 4 in Ranged Weapons
   149 | D:1      | Reached XP level 2. HP: 26/26 MP: 2/2
   153 | D:1      | 153 ||| INVOKING Spit Poison.
   172 | D:1      | 172 ||| INVOKING Spit Poison.
   176 | D:1      | 176 ||| INVOKING Spit Poison.
   247 | D:1      | 247 ||| INVOKING Spit Poison.
   285 | D:1      | 285 ||| INVOKING Spit Poison.
   412 | D:1      | 412 ||| INVOKING Spit Poison.
   421 | D:1      | 421 ||| INVOKING Spit Poison.
   443 | D:1      | Reached XP level 3. HP: 32/32 MP: 3/3
   444 | D:1      | 444 ||| INVOKING Spit Poison.
   503 | D:1      | 503 ||| INVOKING Spit Poison.
   544 | D:1      | 544 ||| INVOKING Spit Poison.
   547 | D:1      | 547 ||| INVOKING Spit Poison.
   745 | D:1      | 745 ||| INVOKING Spit Poison.
   771 | D:1      | 771 ||| INVOKING Spit Poison.
   778 | D:1      | 778 ||| READING scroll labelled JUOHIMN UHUURY.
   779 | D:1      | 779 ||| READING scroll labelled MAUBRO QIEPOWEY.
   779 | D:1      | Identified a scroll of acquirement
   779 | D:1      | 779 ||| ACQUIRING +2 orcbow of Amushawk {heavy, Stlth+}
   779 | D:1      | Acquired the +2 orcbow of Amushawk {heavy, Stlth+}
   781 | D:1      | 781 ||| SWAPPING to +2 orcbow of Amushawk {heavy, Stlth+}.
   782 | D:1      | 782 ||| DROPPING +0 shortbow.
   783 | D:1      | 783 ||| READING 6 scrolls labelled WIPRIU MECIJ.
   784 | D:1      | 784 ||| READING 2 scrolls labelled UWKISS GEMMAFAT.
   785 | D:1      | 785 ||| READING scroll labelled JORECZ DUOMAHO.
   786 | D:1      | 786 ||| READING 2 scrolls labelled SUWYRCH YTYSI.
   787 | D:1      | 787 ||| READING 5 scrolls of identify.
   787 | D:1      | 787 ||| IDENTIFYING bubbling puce potion
   788 | D:1      | 788 ||| DROPPING scroll of butterflies.
   789 | D:1      | 789 ||| DROPPING scroll of fog.
   790 | D:1      | 790 ||| DROPPING scroll of vulnerability.
   853 | D:2      | 853 ||| INVOKING Spit Poison.
   888 | D:2      | 888 ||| INVOKING Spit Poison.
   892 | D:2      | 892 ||| INVOKING Spit Poison.
   950 | D:2      | 950 ||| INVOKING Spit Poison.
   957 | D:2      | 957 ||| INVOKING Spit Poison.
   960 | D:2      | 960 ||| INVOKING Spit Poison.
   982 | D:2      | 982 ||| INVOKING Spit Poison.
   983 | D:2      | Reached skill level 5 in Ranged Weapons
  1154 | D:2      | 1154 ||| INVOKING Spit Poison.
  1156 | D:2      | 1156 ||| INVOKING Spit Poison.
  1157 | D:2      | Reached XP level 4. HP: 39/39 MP: 4/4
  1274 | D:2      | Found a faded altar of an unknown god.
  1287 | D:2      | 1287 ||| INVOKING Spit Poison.
  1332 | D:2      | 1332 ||| INVOKING Spit Poison.
  1365 | D:2      | 1365 ||| INVOKING Spit Poison.
  1392 | D:2      | 1392 ||| INVOKING Spit Poison.
  1423 | D:2      | 1423 ||| INVOKING Spit Poison.
  1688 | D:2      | 1688 ||| READING scroll labelled KYTENI CAME.
  1689 | D:2      | 1689 ||| READING scroll labelled JIACAS TAR DAU.
  1693 | D:2      | 1693 ||| READING 5 scrolls of identify.
  1693 | D:2      | 1693 ||| IDENTIFYING lumpy inky potion
  1736 | D:3      | 1736 ||| INVOKING Spit Poison.
  1739 | D:3      | 1739 ||| INVOKING Spit Poison.
  1776 | D:3      | 1776 ||| INVOKING Spit Poison.
  1902 | D:3      | 1902 ||| INVOKING Spit Poison.
  1908 | D:3      | 1908 ||| INVOKING Spit Poison.
  1912 | D:3      | 1912 ||| INVOKING Spit Poison.
  1914 | D:3      | HP: 10/40 [gnoll/+0 halberd (6)]
  1914 | D:3      | HP: 4/40 [gnoll/+0 flail (6)]
  1914 | D:3      | HP: 1/40 [hobgoblin (3)]
  1914 | D:3      | Mangled by a gnoll

Levels and vault maps discovered:
D:1:      lemuel_arrival_room, layout_loops_ring
D:2:      layout_basic, dreamdust_ecumenical_altar_hidden_monk_grotto
D:3:      layout_loops_cross, minmay_checkerbox

Skill      XL: |  1  2  3 |
---------------+----------+-----
Ranged Weapons | 4 5 |  5.0
Fighting       | |  2.9
Dodging        | |  1.5
Stealth        | |  1.5

Action                     |  1- 3 |  4- 6 || total
---------------------------+-------+-------++-------
   Fire: Shortbow          |    35 |       ||    35
         Orcbow            |    15 |    22 ||    37
Ability: Spit Poison       |    27 |    11 ||    38
    Use: Scroll            |     7 |     3 ||    10
 Armour: Leather armour    |     5 |       ||     5
  Dodge: Dodged            |    10 |     6 ||    16

Table legend:
 A = Non-vault XP
 B = Vault XP
 C = Vault XP percentage of total XP
 D = Non-vault monster count
 E = Vault monster count
 F = Vault count percentage of total count
                 A         B        C        D         E       F
            +---------+---------+-------+---------+---------+-------
      Total |     137 |       0 |   0.0 |      54 |       0 |   0.0
            +---------+---------+-------+---------+---------+-------
        D:1 |      45 |       0 |   0.0 |      22 |       0 |   0.0
        D:2 |      62 |       0 |   0.0 |      23 |       0 |   0.0
        D:3 |      30 |       0 |   0.0 |       9 |       0 |   0.0
            +---------+---------+-------+---------+---------+-------
